 Dungeon Crawl Stone Soup version 0.28.0-43-g3370ac3207 (webtiles) character file.

Game seed: 4673747179337424823

1295 adizb the Slasher (level 8, -1/48 HPs)
             Began as a Tengu Gladiator on Mar 9, 2022.
             Slain by an unseen horror (9 damage)
             ... on level 5 of the Dungeon.
             The game lasted 00:19:37 (3078 turns).

adizb the Slasher (Tengu Gladiator)                 Turns: 3078, Time: 00:19:38

Health: -1/48      AC:  5    Str: 15      XL:     8   Next: 56%
Magic:  9/9        EV: 15    Int:  9      God:
Gold:   218        SH:  0    Dex: 14 (17) Spells: 7/7 levels left

rFire   . . .      SeeInvis .   a - +0 long sword
rCold   . . .      Faith    .   (no shield)
rNeg    . . .      Spirit   .   o - +0 ring mail
rPois   .          Reflect  .   c - +0 hat
rElec   .          Harm     .   (no cloak)
rCorr   .          Rampage  .   (no gloves)
Will    .....                   (boots unavailable)
Stlth   +.........              i - amulet of regeneration
HPRegen 0.96/turn               (no ring)
MPRegen 0.11/turn               (no ring)

@: flying quickly and evasively, quick
A: beak, talons 3, nimble flight
a: no special abilities


You were on level 5 of the Dungeon.
You visited 2 branches of the dungeon, and saw 5 of its levels.
You also visited: Sewer.

You collected 218 gold pieces.

Inventory:

Hand Weapons
 a - a +0 long sword (weapon)
 f - a +2 dagger of electrocution
Missiles
 n - 2 javelins (quivered)
 y - 2 boomerangs
Armour
 b - a +0 leather armour
 c - a +0 hat (worn)
 o - a +0 ring mail (worn)
Jewellery
 i - an amulet of regeneration (around neck)
Wands
 d - a wand of paralysis (8)
 k - a wand of iceblast (5)
Scrolls
 l - a scroll of enchant weapon {unknown}
 q - a scroll of teleportation
 s - a scroll of silence
 u - a scroll of fear {unknown}
 v - a scroll of enchant armour {unknown}
 w - a scroll of blinking {unknown}
Potions
 e - a potion of berserk rage
 j - 2 potions of brilliance {unknown}
 m - a potion of attraction {unknown}
 t - a potion of flight {unknown}
 x - 2 potions of invisibility {unknown}


   Skills:
 + Level 4.6 Fighting
 * Level 7.2 Long Blades
 + Level 4.2 Throwing
 + Level 4.2 Armour
 + Level 5.5 Dodging


You had 7 spell levels left.
You didn't know any spells.
Your spell library was empty.

Dungeon Overview and Level Annotations

Branches:
Dungeon (5/15)             Temple (1/1) D:4           Sewer (visited)

Altars:
Ashenzari
Elyvilon
Gozag
Hepliaklqana
Kikubaaqudgha
Okawaru
Ru
Sif Muna
Uskayaw
Lugonu

Shops:
D:2 *

Annotations:
D:5 Orthodox's ghost, novice BaFi


Innate Abilities, Weirdness & Mutations

You have a beak for a mouth.
You have claws for feet.
Your magical nature lets you fly swiftly and evasively.


Message History

You reach down and open the gate.
Orthodox's ghost says, "I was once a great warrior, and I still am!"
You slash the orc!
You kill the orc!
Something hits you but does no damage.
Deactivating autopickup; reactivate with Ctrl-A.
You slash Orthodox's ghost!
Orthodox's ghost is lightly damaged.
Something hits you but does no damage. Orthodox's ghost hits you.
You hit Orthodox's ghost. Your kick misses Orthodox's ghost.
Your peck misses Orthodox's ghost.
Orthodox's ghost is moderately damaged.
Something hits you but does no damage.
Orthodox's ghost hits you but does no damage.
You hit Orthodox's ghost. Your kick misses Orthodox's ghost.
Orthodox's ghost is moderately damaged.
Something barely misses you.
Orthodox's ghost screams, "Don't try to defend!
You have no chance!"
Orthodox's ghost hits you!
You hit Orthodox's ghost but do no damage.
You claw Orthodox's ghost, but do no damage.
Your peck misses Orthodox's ghost.
Orthodox's ghost is moderately damaged.
Something hits you but does no damage.
Orthodox's ghost whispers, "You will understand me better in a moment."
Orthodox's ghost hits you!
You hit Orthodox's ghost.
Orthodox's ghost is moderately damaged.
Something hits you. Orthodox's ghost hits you!
You hit Orthodox's ghost.
Orthodox's ghost is moderately damaged.
Something hits you! Orthodox's ghost hits you!
* * * LOW HITPOINT WARNING * * *
Something hits you but does no damage. Something hits you but does no damage.
Something hits you.
* * * LOW HITPOINT WARNING * * *
Something hits you.
* * * LOW HITPOINT WARNING * * *
You feel better. Something hits you!
You die...

##..####.# #.# ###.# .##......#
##'## #.# #≈######## ##...## #.#
#≈# ### ##.....## ####.# #≈###.##
##.......## ##.##.####
#≈#....####.........####........#
#.###.....'.........'........##.#
≈## #.>####.........####...#.##.#
## #.## ##....@...####..#<.##.# #
#.# ##...W......#.##.###.#
#####.# ##......(..#.##.# #.#
.<....# ##'##)''###.##.###.#
##.#### ###.....##...!....# #.#
####∩.$_...####.##### #.#
#..#8$$8$$8# #.# #.#
######..#.$$$...# #(# #.#
#.......##.8∩8.#####.#


You could see Orthodox's ghost.

Vanquished Creatures
  Eustachio (D:5)
  A sky beast (D:5)
  An ogre (D:4)
  A black bear (D:4)
  2 centaurs (D:5)
  2 bullfrogs (Sewer)
  A centaur zombie (D:4)
  A jelly (D:4)
  2 hounds
  A bullfrog skeleton (D:4)
  A centaur skeleton (D:5)
  3 iguanas (D:4)
  Ijyb (D:4)
  A hound zombie (D:5)
  Robin (D:4)
  4 gnolls (D:4)
  6 adders
  8 river rats (Sewer)
  A white imp (D:4)
  An ufetubus (D:5)
  3 worms
  A dart slug (D:2)
  An orc (D:5)
  2 bats (D:2)
  4 endoplasms
  7 giant cockroaches
  13 goblins
  7 hobgoblins
  4 jackals (D:2)
  5 kobolds
  6 quokkas
  13 ball pythons
  2 frilled lizards (Sewer)
  26 rats
134 creatures vanquished.

Notes
Turn   | Place    | Note
-------+----------+-------------------------------------------
     0 | D:1      | adizb the Tengu Gladiator began the quest for the Orb.
     0 | D:1      | Reached XP level 1. HP: 12/12 MP: 2/2
   159 | D:1      | Found a faded altar of an unknown god.
   159 | D:1      | Noticed a blizzard demon
   214 | D:1      | Reached XP level 2. HP: 17/17 MP: 3/3
   582 | D:2      | Reached skill level 1 in Armour
   582 | D:2      | Reached XP level 3. HP: 16/22 MP: 4/4
   647 | D:2      | Reached skill level 4 in Long Blades
   651 | D:2      | Found Owolyx's General Store.
   947 | D:2      | You fall into a shaft and drop 2 floors!
   961 | D:4      | Found a staircase to the Ecumenical Temple.
   962 | D:4      | Noticed Robin
   995 | D:4      | Reached XP level 4. HP: 27/27 MP: 5/5
  1025 | D:4      | Killed Robin
  1046 | Temple   | Entered the Ecumenical Temple
  1203 | D:4      | Gained mutation: Your magical nature lets you fly swiftly
                  | and evasively. [Tengu growth]
  1203 | D:4      | Reached XP level 5. HP: 29/32 MP: 6/6
  1345 | D:4      | Noticed Ijyb
  1386 | D:4      | Killed Ijyb
  1387 | D:4      | Reached skill level 5 in Long Blades
  1387 | D:4      | Reached XP level 6. HP: 27/37 MP: 7/7
  1470 | D:4      | Noticed a black bear
  1483 | D:4      | Killed a black bear
  1568 | D:4      | Reached XP level 7. HP: 40/41 MP: 8/8
  1963 | D:5      | Entered Level 5 of the Dungeon
  1970 | D:5      | Reached skill level 6 in Long Blades
  2173 | D:5      | Noticed Eustachio
  2209 | D:5      | Killed Eustachio
  2210 | D:5      | Reached skill level 5 in Dodging
  2210 | D:5      | Reached XP level 8. HP: 19/48 MP: 9/9
  2515 | D:5      | Found a runed translucent gate.
  2516 | D:5      | Found a runed translucent gate.
  2517 | D:5      | Found a runed translucent gate.
  2618 | D:5      | Found a glowing drain.
  2622 | Sewer    | Entered a sewer
  2776 | Sewer    | Reached skill level 7 in Long Blades
  3001 | D:5      | Found an opulent altar of Gozag.
  3003 | D:5      | Noticed Orthodox's ghost (novice BaFi)
  3077 | D:5      | HP: 1/48 [something (6)]
  3078 | D:5      | Slain by an unseen horror

Illustrated notes

Levels and vault maps discovered:
D:1:      eino_arrival_water_star, layout_rooms,
          dreamdust_ecumenical_altar_sealed_demon, minmay_splitting_lines
D:2:      layout_rooms, serial_shops, nicolae_shop_stone,
          chequers_decorated_corner
D:4:      layout_basic, minmay_temple_entry_grid, kennysheep_opposing_triangles,
          uniq_robin, uniq_ijyb
D:5:      layout_loops_corners, gup_sewer_entry_spiral, ebering_ghost_gozag,
          serial_glass, glass_columns_c, glass_columns_c, uniq_eustachio
Temple:   corrupted_temple

Skill      XL: |  1  2  3  4  5  6  7  8 |
---------------+-------------------------+-----
Armour         | 1 2 3 4 |  4.2
Long Blades    | 4 5 6 7 |  7.2
Dodging        | 4 5 |  5.5
Fighting       | 3 4 |  4.6
Throwing       | 3 4 |  4.2

Action                   |  1- 3 |  4- 6 |  7- 9 || total
-------------------------+-------+-------+-------++-------
Melee: Long sword        |    75 |    78 |   211 ||   364
       Peck              |     9 |     8 |    29 ||    46
       Kick              |    15 |    24 |    47 ||    86
       Punch             |     1 |     1 |     1 ||     3
Throw: Throwing net      |     1 |     4 |     2 ||     7
       Javelin           |       |     9 |     2 ||    11
  Use: Potion            |     1 |       |     3 ||     4
       Scroll            |     1 |       |     4 ||     5
 Stab: Sleeping          |     1 |       |       ||     1
Armor: Leather armour    |    17 |    16 |       ||    33
       Ring mail         |       |       |    87 ||    87
Dodge: Dodged            |    56 |    50 |   239 ||   345
